 Dungeon Crawl Stone Soup version 0.22-a0-113-gdd6f4a9 (webtiles) character file.

8087 sankara the Fighter (level 11, -2/94 HPs)
             Began as a Black Draconian Conjurer on Jan 26, 2018.
             Was a Priest of Sif Muna.
             Slain by wintastic's ghost (8 damage)
             ... on level 11 of the Dungeon on Jan 28, 2018.
             The game lasted 01:17:33 (11587 turns).

sankara the Fighter (Black Draconian Conjurer)     Turns: 11587, Time: 01:17:33

Health: -2/94      AC:  9    Str: 11    XL:     11   Next: 5%
Magic:  19/31      EV: 15    Int: 17    God:    Sif Muna [***...]
Gold:   730        SH:  0    Dex: 13    Spells: 3/24 levels left

rFire    . . .     SeeInvis .   a - +4 dagger (elec)
rCold    . . .     Gourm    .   (no shield)
rNeg     . . .     Faith    .   (armour unavailable)
rPois    .         Spirit   .   (helmet restricted)
rElec    +         Reflect  .   J - +0 cloak
rCorr    .         Harm     .   K - +0 pair of gloves
MR       .....                  (no boots)
Stlth    ++........             e - amulet of magic regeneration
HPRegen  0.25/turn              k - ring of flight
MPRegen  0.47/turn              z - ring of magical power

@: very slightly contaminated, drained, divine energy
A: breathe lightning, unfitting armour, electricity resistance, cold-blooded, AC
+7
a: Breathe Lightning, Stop Divine Energy, Channel Magic, Renounce Religion,
Evoke Flight


You were on level 11 of the Dungeon.
You worshipped Sif Muna.
Sif Muna was most pleased with you.
You were hungry.

You visited 2 branches of the dungeon, and saw 12 of its levels.
You also visited: Ossuary.

You collected 730 gold pieces.

Inventory:

Hand Weapons
 a - a +4 dagger of electrocution (weapon)
 b - a +0 falchion of electrocution
 c - a +2 falchion of holy wrath
 A - a +0 scimitar of flaming
 H - a +2 dagger of draining
 I - a +0 blowgun
Missiles
 o - 18 tomahawks (quivered)
 t - 4 needles of sleeping
 x - 47 poisoned needles
 E - 4 curare-tipped needles
Armour
 J - a +0 cloak (worn)
 K - a +0 pair of gloves (worn)
Jewellery
 e - an amulet of magic regeneration (around neck)
 k - a ring of flight (left hand)
 z - a ring of magical power (right hand)
 M - an uncursed ring of fire
Wands
 r - a wand of disintegration (14)
 y - a wand of iceblast (9)
 G - a wand of scattershot (3)
Scrolls
 g - a scroll of fog
 h - 4 scrolls of teleportation
 i - 6 scrolls of remove curse
 l - 16 scrolls of identify
 w - 5 scrolls of enchant weapon
 B - a scroll of enchant armour {unknown}
 C - a scroll of acquirement {unknown}
 F - a scroll of fear
Potions
 d - a potion of brilliance
 j - 5 potions of curing
 p - 3 potions of heal wounds
 q - a potion of mutation {unknown}
 s - 3 potions of agility
 u - 3 potions of might
 v - 2 potions of magic
Books
 f - a book of Air

   Spells                             Type                      Level
   a - Shock                          Conjuration/Air              1
   b - Swiftness                      Charms/Air                   2
   c - Static Discharge               Conjuration/Air              3
   d - Airstrike                      Air                          4
   e - Lightning Bolt                 Conjuration/Air              5
 m - a book of Conjurations

   Spells                             Type                      Level
   a - Magic Dart                     Conjuration                  1
   b - Searing Ray                    Conjuration                  2
   c - Dazzling Spray                 Conjuration/Hexes            3
   d - Fulminant Prism                Conjuration/Hexes            4
   e - Force Lance                    Conjuration/Translocation    4
   f - Iskenderun's Mystic Blast      Conjuration                  4
 D - a book of Callings

   Spells                             Type                      Level
   a - Summon Small Mammal            Summoning                    1
   b - Call Imp                       Summoning                    2
   c - Call Canine Familiar           Summoning                    3
   d - Summon Guardian Golem          Hexes/Summoning              3
   e - Summon Lightning Spire         Summoning/Air                4
   f - Summon Ice Beast               Ice/Summoning                4
Comestibles
 n - 16 rations


   Skills:
 + Level 8.1(7.4) Fighting
 - Level 4.0(3.3) Long Blades
 + Level 7.1(6.4) Dodging
 - Level 1.7(1.1) Stealth
 + Level 7.3(6.7) Spellcasting
 - Level 7.9(7.3) Conjurations
 - Level 3.0(2.4) Hexes
 - Level 3.0(2.4) Summonings
 + Level 7.0(6.3) Air Magic


You had 3 spell levels left.
You knew the following spells:

 Your Spells              Type           Power        Failure   Level  Hunger
a - Magic Dart            Conj           ####         1%          1    None
b - Dazzling Spray        Conj/Hex       ###...       4%          3    ##.....
c - Iskenderun's Mystic   Conj           ####....     6%          4    ####...
d - Fulminant Prism       Conj/Hex       ###.......   16%         4    ####...
e - Swiftness             Chrm/Air       ###.....     4%          2    None
f - Static Discharge      Conj/Air       ####....     2%          3    ##.....
g - Summon Lightning Spi  Summ/Air       ###.....     21%         4    ####...


Dungeon Overview and Level Annotations

Branches:
Dungeon (11/15)            Temple (1/1) D:4             Orc (0/2) D:9
   Lair: D:8-11

Altars:
Ashenzari
Cheibriados
Dithmenos
Elyvilon
Fedhas
Gozag
Kikubaaqudgha
Makhleb
Nemelex Xobeh
Okawaru
Qazlal
Ru
Sif Muna
Trog
Uskayaw
Vehumet
Wu Jian
Xom
Yredelemnul
Zin
The Shining One

Shops:
D:6 }

Annotations:
D:11 wintastic's ghost, journeyman DsGl


Innate Abilities, Weirdness & Mutations

You can breathe wild blasts of lightning.
Your glossy black scales are hard. (AC +7)
You cannot fit into any form of body armour.
You are resistant to electric shocks. (rElec)
You are cold-blooded and may be slowed by cold attacks.


Message History

Confirm with . or Enter, or press ? or * to list all spells.
Aiming: Iskenderun's Mystic Blast (safe; 6% risk of failure)
Press: ? - help, Shift-Dir - straight line, f - bullfrog
Aim: a bullfrog (almost dead)
Okay, then.
Casting: Iskenderun's Mystic Blast (safe; 6% risk of failure)
Confirm with . or Enter, or press ? or * to list all spells.
Wintastic's ghost is struck by lightning.
Wintastic's ghost is almost destroyed.
The lightning grounds out.
The bullfrog is struck by lightning.
You kill the bullfrog!
Sif Muna accepts your kill.
The lightning grounds out.
Wintastic's ghost hits you!!
* * * LOW HITPOINT WARNING * * *
Casting: Static Discharge (safe; 2% risk of failure)
Confirm with . or Enter, or press ? or * to list all spells.
Wintastic's ghost is struck by lightning.
Wintastic's ghost is almost destroyed.
The lightning grounds out.
Wintastic's ghost hits you!
You die...

#.........
....................
...................
##########.........
##########........ .........
....... ###..... ...%# #...#
#W†# #...# #.@# ###...#
#..############
......#########..............
......................<......
........................#####
#########..###########..#
#..# #..# #..###########..#
#...............#


You could see wintastic's ghost.

Vanquished Creatures
  2 two-headed ogres
  Sonja (D:10)
  Joseph (D:7)
  A hornet (D:10)
  3 hippogriffs
  Sigmund (D:2)
  A human (D:7)
  7 yaks
  4 hogs (D:7)
  Menkaure (D:7)
  2 orc warriors
  2 ice beasts (D:7)
  A phantom (D:8)
  2 ogres
  5 centaurs
  2 big kobolds
  4 bullfrogs
  A wyvern skeleton (D:9)
  4 scorpions
  5 crimson imps
  A howler monkey (D:5)
  A bullfrog zombie (D:6)
  A quasit (D:8)
  10 hounds
  4 jellies
  2 centaur skeletons
  6 orc priests
  3 orc wizards
  2 bullfrog skeletons (D:7)
  An iguana (D:3)
  7 worker ants
  A hound skeleton (D:4)
  8 mummies (Ossuary)
  A howler monkey zombie (D:10)
  8 gnolls
  10 adders
  A shadow imp (D:10)
  2 oozes
  An adder skeleton (D:4)
  An adder zombie (D:9)
  4 worms
  2 dart slugs (D:1)
  4 leopard geckos
  21 orcs
  10 giant cockroaches
  A gnoll zombie (Ossuary)
  8 goblins
  10 hobgoblins
  9 jackals
  6 quokkas
  A ball python (D:1)
  8 bats
  5 frilled lizards
  11 kobolds
  3 kobold zombies (Ossuary)
  4 orc zombies (Ossuary)
  12 rats
240 creatures vanquished.

Vanquished Creatures (collateral kills)
  Erica (D:10)
  A quokka (D:9)
  3 kobolds (D:11)
5 creatures vanquished.

Vanquished Creatures (others)
  An orc (D:6)
  34 fulminant prisms
35 creatures vanquished.

Grand Total: 280 creatures vanquished

Notes
Turn   | Place    | Note
-------+----------+-------------------------------------------
     0 | D:1      | sankara the Draconian Conjurer began the quest for the Orb.
     0 | D:1      | Reached XP level 1. HP: 14/14 MP: 3/3
   272 | D:1      | Reached XP level 2. HP: 19/20 MP: 0/5
   950 | D:1      | Reached XP level 3. HP: 26/26 MP: 1/6
  1192 | D:1      | Learned a level 3 spell: Dazzling Spray
  1363 | D:2      | Noticed Sigmund
  1370 | D:2      | Killed Sigmund
  1370 | D:2      | Reached skill level 1 in Fighting
  1370 | D:2      | Reached skill level 5 in Conjurations
  1370 | D:2      | Reached XP level 4. HP: 36/36 MP: 6/8
  1370 | D:2      | Reached XP level 5. HP: 41/41 MP: 6/9
  1381 | D:2      | Learned a level 4 spell: Iskenderun's Mystic Blast
  1399 | D:2      | Reached skill level 2 in Fighting
  1426 | D:2      | Found a faded altar of an unknown god.
  1849 | D:2      | Reached XP level 6. HP: 48/48 MP: 10/10
  2684 | D:3      | Found a sacrificial altar of Ru.
  2955 | D:4      | Your scales start taking on a glossy black colour.
  2955 | D:4      | Reached XP level 7. HP: 56/56 MP: 9/12
  2955 | D:4      | Gained mutation: You are resistant to electric shocks. (rElec) [Black Draconian growth]
  3020 | D:4      | Reached skill level 3 in Fighting
  3282 | D:4      | Reached skill level 1 in Long Blades
  3306 | D:4      | Found a staircase to the Ecumenical Temple.
  3416 | Temple   | Entered the Ecumenical Temple
  3621 | Temple   | Became a worshipper of Sif Muna the Loreminder
  3836 | D:5      | Entered Level 5 of the Dungeon
  3923 | D:5      | Found a shattered altar of Ashenzari.
  4112 | D:5      | Found a sand-covered staircase.
  4129 | Ossuary  | Entered an ossuary
  4181 | Ossuary  | Reached skill level 1 in Hexes
  4418 | Ossuary  | Reached XP level 8. HP: 66/66 MP: 5/14
  4711 | D:5      | Found an ancient bone altar of Kikubaaqudgha.
  4711 | D:5      | Found a radiant altar of Vehumet.
  4807 | D:6      | Found Sacav's Gadget Shop.
  5015 | D:6      | Found a basalt altar of Yredelemnul.
  5043 | D:6      | Reached skill level 4 in Fighting
  5299 | D:6      | Learned a level 4 spell: Fulminant Prism
  5879 | D:7      | Noticed Joseph
  5889 | D:7      | Killed Joseph
  5889 | D:7      | Reached * piety under Sif Muna
  6163 | D:7      | Learned a level 2 spell: Swiftness
  6258 | D:7      | Reached skill level 1 in Air Magic
  6258 | D:7      | Reached XP level 9. HP: 28/72 MP: 13/16
  6664 | D:7      | Reached skill level 5 in Spellcasting
  6665 | D:7      | Reached skill level 5 in Fighting
  6856 | D:7      | Reached skill level 5 in Dodging
  6967 | D:7      | Reached ** piety under Sif Muna
  6967 | D:7      | Reached skill level 6 in Fighting
  7158 | D:7      | Noticed Menkaure
  7163 | D:7      | Killed Menkaure
  7229 | D:7      | Learned a level 3 spell: Static Discharge
  7229 | D:7      | Upgraded the game from 0.22-a0-109-gbeb7240 to 0.22-a0-110-g5b255cf
  7702 | D:8      | Found an ornate altar of the Wu Jian Council.
  7705 | D:8      | Found a blossoming altar of Fedhas.
  7708 | D:8      | Found an opulent altar of Gozag.
  8172 | D:8      | Reached XP level 10. HP: 66/84 MP: 19/19
  8770 | D:9      | Reached skill level 5 in Air Magic
  9110 | D:9      | Found a white marble altar of Elyvilon.
  9112 | D:9      | Found an iron altar of Okawaru.
  9201 | D:9      | Reached skill level 7 in Fighting
  9511 | D:9      | Learned a level 4 spell: Summon Lightning Spire
  9524 | D:9      | Noticed a two-headed ogre
  9999 | D:9      | Found a staircase to the Orcish Mines.
 10006 | D:9      | Killed a two-headed ogre
 10006 | D:9      | Reached skill level 1 in Summonings
 10255 | D:10     | Entered Level 10 of the Dungeon
 10293 | D:10     | Noticed Erica
 10300 | D:10     | Killed Erica
 10351 | D:10     | Noticed a two-headed ogre
 10359 | D:10     | Killed a two-headed ogre
 10359 | D:10     | Reached *** piety under Sif Muna
 10572 | D:10     | Noticed Sonja
 11095 | D:10     | Killed Sonja
 11207 | D:10     | Upgraded the game from 0.22-a0-110-g5b255cf to 0.22-a0-113-gdd6f4a9
 11329 | D:11     | Reached skill level 8 in Fighting
 11330 | D:11     | Reached XP level 11. HP: 94/94 MP: 12/21
 11564 | D:11     | Noticed wintastic's ghost (journeyman DsGl)
 11587 | D:11     | Slain by wintastic's ghost

Vault maps used:
D:1:      minmay_arrival_open_corners
D:2:      chequers_ecumenical_altar_island, first_ration, uniq_sigmund
D:3:      overflow_temple_1_default
D:4:      minmay_temple_entry_trees
D:5:      nicolae_overflow_crystal_walls, gammafunk_temple_overflow_elements,
          nicolae_ossuary_entry_ruins
D:6:      kennysheep_mini, serial_shops, shop, supply_closet_lemuel
D:7:      grunt_livestock, uniq_joseph, uniq_menkaure
D:8:      grunt_temple_overflow_diamond
D:9:      nicolae_overflow_hidden_temple, orc_0_dummy
D:10:     lemuel_statue_altar, uniq_sonja, uniq_erica, uniq_fannar
D:11:     erik_lair_dragon, serial_shops, nicolae_shop_overgrown_old_shop
Temple:   minmay_temple_curvy_loop
Ossuary:  ossuary_tomb_3

Skill      XL: |  1  2  3  4  5  6  7  8  9 10 11 |
---------------+----------------------------------+-----
Fighting       | 1 2 3 4 6 8 |  8.1
Dodging        | 2 3 4 5 7 |  7.1
Spellcasting   | 3 4 6 7 |  7.3
Conjurations   | 5 6 7 |  7.9
Long Blades    | 1 3 4 |  4.0
Hexes          | 1 2 3 |  3.0
Air Magic      | 1 4 6 7 |  7.0
Summonings     | 3 |  3.0
Stealth        | |  1.7

Action                   |  1- 3 |  4- 6 |  7- 9 | 10-12 || total
-------------------------+-------+-------+-------+-------++-------
Melee: Unarmed           |     6 |       |       |       ||     6
       Dagger            |    27 |    34 |   143 |    69 ||   273
       Tailslap          |     2 |       |    12 |     6 ||    20
 Fire: Hunting sling     |     3 |       |       |       ||     3
 Cast: Magic Dart        |    46 |   118 |   237 |    87 ||   488
       Dazzling Spray    |       |     7 |    26 |     9 ||    42
       Iskenderun's Myst |       |     3 |     2 |     3 ||     8
       Fulminant Prism   |       |       |    15 |    19 ||    34
       Static Discharge  |       |       |    13 |    29 ||    42
       Swiftness         |       |       |     1 |     2 ||     3
       Summon Lightning  |       |       |       |    11 ||    11
Invok: Divine Energy     |       |       |     1 |       ||     1
 Abil: Breathe Lightning |       |       |     1 |     1 ||     2
       Evoke Flight      |       |       |     1 |     1 ||     2
  Use: Scroll            |     6 |     1 |    10 |       ||    17
       Potion            |     2 |     1 |     1 |       ||     4
 Stab: Sleeping          |     3 |     2 |     1 |       ||     6
       Invisible         |       |       |     2 |       ||     2
       Distracted        |       |       |       |     2 ||     2
  Eat: Chunk             |     2 |     6 |    16 |     7 ||    31
       Ration            |       |       |     2 |     3 ||     5
Armor: Skin              |     9 |    10 |    29 |    12 ||    60
Dodge: Dodged            |    27 |    32 |   131 |    85 ||   275

Table legend:
 A = Spawn XP
 B = Non-spawn XP
 C = Spawn XP percentage of total XP
 D = Spawn monster count
 E = Non-spawn monster count
 F = Spawn count percentage of total count
 G = Total turns spent on level
                    A         B        C        D         E        F      G
               +---------+---------+-------+---------+---------+-------+---------
         Total |       0 |   11554 |   0.0 |       0 |     246 |   0.0 | 11587
               +---------+---------+-------+---------+---------+-------+---------
           D:1 |       0 |      58 |   0.0 |       0 |      32 |   0.0 |  1335
           D:2 |       0 |     363 |   0.0 |       0 |      27 |   0.0 |   986
           D:3 |       0 |     243 |   0.0 |       0 |      33 |   0.0 |   626
           D:4 |       0 |     362 |   0.0 |       0 |      18 |   0.0 |   673
           D:5 |       0 |     261 |   0.0 |       0 |      10 |   0.0 |   550
           D:6 |       0 |     548 |   0.0 |       0 |      16 |   0.0 |  1068
           D:7 |       0 |    3104 |   0.0 |       0 |      34 |   0.0 |  1853
           D:8 |       0 |     918 |   0.0 |       0 |      10 |   0.0 |  1389
           D:9 |       0 |    2034 |   0.0 |       0 |      22 |   0.0 |  1177
          D:10 |       0 |    2690 |   0.0 |       0 |      18 |   0.0 |  1068
          D:11 |       0 |     820 |   0.0 |       0 |      10 |   0.0 |   264
       Ossuary |       0 |     153 |   0.0 |       0 |      16 |   0.0 |   374
               +---------+---------+-------+---------+---------+-------+---------
